 Dungeon Crawl Stone Soup version 0.18-a0-1692-g516f9e9 (webtiles) character file.

177 Ijustatesigmund the Sneak (level 5, 0/34 HPs)
             Began as an Octopode Assassin on Apr 5, 2016.
             Slain by Ijyb (3 damage)
             ... on level 2 of the Dungeon.
             The game lasted 00:05:30 (1932 turns).

Ijustatesigmund the Sneak (Octopode Assassin)       Turns: 1932, Time: 00:05:32

Health: 0/34       AC:  1    Str: 10    XL:     5   Next: 57%
Magic:  5/5        EV: 12    Int: 18    God:
Gold:   107        SH:  0    Dex: 15    Spells: 0 memorised, 4 levels left

rFire  . . .     SeeInvis .     a - +2 dagger
rCold  . . .     Gourm    .     (no shield)
rNeg   . . .     Faith    .     (helmet restricted)
rPois  .         Spirit   .     (no amulet)
rElec  .         Dismiss  .     g - ring of wizardry
rCorr  .         Reflect  .     (no ring)
SustAt .         Harm     .     (no ring)
MR     .....                    (no ring)
Stlth  +++++.....               (no ring)
                                (no ring)
                                (no ring)
                                (no ring)

@: brilliant, not resistant to hostile enchantments, quite stealthy
A: almost no armour, amphibious, 8 rings, constrict 8, camouflage 1, gelatinous
body 1
a: no special abilities


You were on level 2 of the Dungeon.
You were hungry.

You visited 1 branch of the dungeon, and saw 2 of its levels.

You collected 107 gold pieces.

Inventory:

Hand Weapons
 a - a +2 dagger (weapon)
 b - a +0 blowgun
Missiles
 c - 12 poisoned needles
 d - 2 curare-tipped needles
Jewellery
 g - a ring of wizardry (left tentacle)
 j - a cursed amulet of inaccuracy {unknown}
Scrolls
 e - a scroll of blinking
 k - 2 scrolls of remove curse
Potions
 n - a potion of cure mutation
Comestibles
 f - 2 bread rations
 h - a meat ration
 l - 5 fruits


   Skills:
 - Level 2.0 Fighting
 + Level 3.8 Short Blades
 + Level 3.1 Throwing
 - Level 1.0 Dodging
 + Level 7.1 Stealth


You had 4 spell levels left.
You didn't know any spells.

Dungeon Overview and Level Annotations

Branches:
Dungeon (2/15)

Altars:
Dithmenos
Kikubaaqudgha
Makhleb
Nemelex Xobeh
Okawaru
Ru
The Shining One

Annotations:
D:2 Ijyb


Innate Abilities, Weirdness & Mutations

You cannot wear most types of armour.
You are amphibious.
You can wear up to eight rings at the same time.
You can use your tentacles to constrict eight enemies at once.
Your skin changes colour to match your surroundings (Stealth).
Your rubbery body absorbs attacks (AC +1).


Message History

You hit Ijyb but do no damage.
Ijyb is moderately wounded.
You constrict Ijyb, but do no damage. The vampire bat closely misses you.
Ijyb barely misses you. The vampire bat bites you.
* * * LOW HITPOINT WARNING * * *
You hit Ijyb but do no damage. You squeeze Ijyb, but do no damage.
Ijyb is moderately wounded.
You constrict Ijyb, but do no damage.
The vampire bat bites you but does no damage.
The vampire bat closely misses you. Ijyb hits you.
* * * LOW HITPOINT WARNING * * *
Drink which item? (? for menu, Esc to quit)
It was a potion of brilliance.
You feel clever all of a sudden.
You constrict Ijyb, but do no damage. The vampire bat bites you.
* * * LOW HITPOINT WARNING * * *
The vampire bat barely misses you.
The vampire bat bites you but does no damage.
Ijyb hits you.
You die...

##.⌠.#.⌠.##
#.#.#.#.#.#
#..#.⌠.#..#
#.#.#.#.#.#
##.⌠.#.⌠.##
#.#.#†#.#.##
.⌠.#.⌠.#.⌠.#
.#.#.#b#.##
.⌠.#@⌠?#.#
#.#g#.#.##
⌠.#..[#.⌠.#
#.#.⌠.⌠ #.##
##..._b ##
##(⌠.⌠ #####


You could see Ijyb and a vampire bat.

Vanquished Creatures
  A vampire bat (D:2)
  Robin (D:2)
  2 gnolls (D:2)
  4 adders (D:2)
  A dart slug (D:2)
  2 giant geckos (D:1)
  7 bats
  2 bat skeletons (D:2)
  3 bat zombies (D:2)
  A giant cockroach (D:1)
  14 goblins
  7 hobgoblins
  11 kobolds
  A quokka (D:2)
  A ball python (D:2)
  2 giant newts (D:1)
  7 rats
67 creatures vanquished.

Notes
Turn   | Place    | Note
--------------------------------------------------------------
     0 | D:1      | Ijustatesigmund the Octopode Assassin began the quest for the Orb.
     0 | D:1      | Reached XP level 1. HP: 14/14 MP: 1/1
   236 | D:1      | Reached XP level 2. HP: 15/19 MP: 2/2
   720 | D:1      | Reached XP level 3. HP: 24/24 MP: 3/3
   914 | D:2      | Reached skill level 6 in Stealth
  1024 | D:2      | Noticed Robin
  1035 | D:2      | Killed Robin
  1050 | D:2      | Reached XP level 4. HP: 15/29 MP: 4/4
  1402 | D:2      | Found an iron altar of Okawaru.
  1695 | D:2      | Found a burning altar of Makhleb.
  1696 | D:2      | Found a sacrificial altar of Ru.
  1752 | D:2      | Found a glowing golden altar of the Shining One.
  1787 | D:2      | Found a shadowy altar of Dithmenos.
  1799 | D:2      | Reached XP level 5. HP: 27/34 MP: 5/5
  1817 | D:2      | Found a sparkling altar of Nemelex Xobeh.
  1912 | D:2      | Found an ancient bone altar of Kikubaaqudgha.
  1912 | D:2      | Noticed Ijyb
  1923 | D:2      | Reached skill level 7 in Stealth
  1932 | D:2      | Slain by Ijyb

Vault maps used:
D:1:      saegor_arrival_simple_b
D:2:      kennysheep_vampire_church, lemuel_crystal_altar,
          nemelex_xobeh_ov_fountains_minmay, okawaru_altar_gauntlet_db,
          gammafunk_temple_overflow_forgotten, uniq_iyjb, uniq_robin

Skill      XL: |  1  2  3  4  5 |
---------------+----------------+-----
Stealth        | 6 7 |  7.1
Short Blades   | 3 |  3.8
Throwing       | 3 |  3.1
Fighting       | |  2.0
Dodging        | |  1.0

Action                   |  1- 3 |  4- 6 || total
-------------------------+-------+-------++-------
Melee: Dagger            |    70 |    75 ||   145
 Fire: Blowgun           |     2 |     4 ||     6
  Use: Scroll            |     5 |     1 ||     6
       Potion            |       |     3 ||     3
 Stab: Sleeping          |    11 |     2 ||    13
  Eat: Fruit             |       |     2 ||     2
       Chunk             |       |     1 ||     1
